 Dungeon Crawl Stone Soup version 0.22-a0-443-g17c3723 (webtiles) character file.

221886 Gorglomux the Peltast (level 18, -8/122 HPs)
             Began as a Gargoyle Fighter on June 1, 2018.
             Was the Champion of Makhleb.
             Mangled by a two-headed ogre
             ... wielding a +0 giant spiked club
             ... summoned by an orc
             ... led by an orc knight
              (15 damage)
             ... on level 2 of the Vaults.
             The game lasted 00:26:28 (23551 turns).

Gorglomux the Peltast (Gargoyle Fighter)           Turns: 23551, Time: 00:26:29

Health: -8/122     AC: 31    Str: 27    XL:     18   Next: 73%
Magic:  27/27      EV:  6    Int: 10    God:    Makhleb [******]
Gold:   557        SH: 23    Dex:  9    Spells: 17/17 levels left

rFire    . . .     SeeInvis .   a - +1 war axe
rCold    . . .     Gourm    .   q - +2 large shield
rNeg     + . .     Faith    .   N - +0 plate armour
rPois    ∞         Spirit   .   t - +2 helmet {Int+3}
rElec    +         Reflect  .   h - +2 cloak
rCorr    .         Harm     .   w - +2 pair of gloves
MR       +++..     Rnd*Rage +   (no boots)
Stlth    ..........             i - necklace of Bloodlust {*Rage +Rage MR++ Int-3 Slay+6 *Curse} (curse)
HPRegen  0.30/turn              y - +5 ring of slaying
MPRegen  0.20/turn              r - +5 ring of protection

@: corroded, berserk cooldown, flying, very slightly contaminated, slowed, very
slow
A: big wings, negative energy resistance 1, electricity resistance, unbreathing,
petrification resistance, rot immunity, AC +13
}: 2/15 runes: serpentine, barnacled
a: Stop Flying, Minor Destruction, Lesser Servant of Makhleb, Major Destruction,
Greater Servant of Makhleb, Renounce Religion, Evoke Berserk Rage


You were on level 2 of the Vaults.
You worshipped Makhleb.
Makhleb was exalted by your worship.
You were not hungry.

You visited 6 branches of the dungeon, and saw 29 of its levels.
You visited the Abyss 1 time.
You visited 1 bazaar.

You collected 1772 gold pieces.
You spent 1215 gold pieces at shops.

Inventory:

Hand Weapons
 a - a +1 war axe (weapon)
 b - a +2 whip of freezing
 W - a +4 arbalest of flaming
Missiles
 Z - 6 throwing nets (quivered)
Armour
 h - a +2 cloak (worn)
 q - a +2 large shield (worn)
 t - a +2 helmet of intelligence (worn)
 w - a +2 pair of gloves (worn)
 N - a +0 plate armour (worn)
Jewellery
 c - an uncursed ring of protection from cold
 i - the cursed necklace of Bloodlust (around neck) {*Rage +Rage MR++ Int-3 Slay+6 *Curse}
   (You found it on level 4 of the Shoals)

   [amulet of rage]

   It affects your intelligence (-3).
   It affects your accuracy and damage with ranged weapons and melee attacks
   (+6).
   It affects your resistance to hostile enchantments.
   It lets you go berserk.
   It may make you go berserk in combat.
   It curses itself when equipped.
   It has a curse placed upon it.
 o - a +3 ring of protection
 r - a +5 ring of protection (right hand)
 y - a +5 ring of slaying (left hand)
 J - a cursed -3 ring of intelligence
Wands
 A - a wand of acid (4)
 D - a wand of digging (12)
 E - a wand of enslavement (38)
 I - a wand of iceblast (18)
 O - a wand of clouds (3)
 P - a wand of paralysis (18)
Scrolls
 k - 3 scrolls of fog
 m - 12 scrolls of remove curse
 u - 2 scrolls of fear
 v - 5 scrolls of enchant weapon
 G - a scroll of enchant armour
 H - 2 scrolls of brand weapon
 K - 3 scrolls of immolation
 L - a scroll of holy word
 M - 4 scrolls of magic mapping
 R - 2 scrolls of identify
 U - 2 scrolls of silence
Potions
 d - 4 potions of might
 g - 2 potions of lignification
 j - 9 potions of haste
 n - 4 potions of mutation {!q}
 p - 2 potions of magic
 s - 4 potions of agility
 z - 4 potions of brilliance
 C - a potion of resistance
 F - a potion of cancellation
 Q - 3 potions of curing
 S - 4 potions of flight
 Y - a potion of invisibility
Miscellaneous
 V - a phantom mirror
 X - a phial of floods
Comestibles
 f - 34 rations
 x - 21 chunks of flesh


   Skills:
 + Level 16.5 Fighting
 + Level 14.9 Axes
 + Level 16.5 Armour
 + Level 16.5 Shields
 - Level 13.0 Invocations


You had 17 spell levels left.
You didn't know any spells.
Your spell library contained the following spells:

 Spells                   Type           Power        Failure   Level  Hunger
 Magic Dart               Conj           #...         100%        1    ##.....
 Apportation              Tloc           #.....       100%        1    ##.....
 Conjure Flame            Conj/Fire      #.......     100%        3    ####...
 Bolt of Magma            Conj/Fire/Erth #.........   100%        5    ######.
 Slow                     Hex            #.......     100%        2    ###....
 Confuse                  Hex            #.......     100%        3    ####...
 Mephitic Cloud           Conj/Pois/Air  #.......     100%        3    ####...
 Venom Bolt               Conj/Pois      #.........   100%        5    ######.
 Olgreb's Toxic Radiance  Pois           #.......     100%        4    #####..
 Summon Small Mammal      Summ           #...         100%        1    ##.....
 Blink                    Tloc           N/A          100%        2    ###....
 Animate Skeleton         Necr           N/A          100%        1    ##.....
 Call Imp                 Summ           #.......     100%        2    ###....
 Sting                    Conj/Pois      #...         100%        1    ##.....
 Tukima's Dance           Hex            #.......     100%        3    ####...
 Summon Demon             Summ           #.........   100%        5    ######.
 Iron Shot                Conj/Erth      #.........   100%        6    #######
 Recall                   Summ/Tloc      N/A          100%        3    ####...
 Statue Form              Tmut/Erth      #........    100%        6    #######
 Shadow Creatures         Summ           N/A          100%        6    #######
 Confusing Touch          Hex            #.....       100%        1    ##.....
 Ensorcelled Hibernation  Hex/Ice        #.....       100%        2    ###....
 Metabolic Englaciation   Hex/Ice        #.........   100%        5    ######.
 Shatter                  Erth           #.........   100%        9    #######
 Corona                   Hex            #......      100%        1    ##.....
 Petrify                  Tmut/Erth      #.......     100%        4    #####..
 Leda's Liquefaction      Hex/Erth       #.........   100%        4    #####..
 Aura of Abjuration       Summ           #.........   100%        5    ######.
 Dazzling Spray           Conj/Hex       #.....       100%        3    ####...
 Summon Forest            Summ/Tloc      #.........   100%        5    ######.
 Summon Mana Viper        Hex/Summ       #.......     100%        5    ######.
 Gell's Gravitas          Tloc           #.........   100%        3    ####...
 Yara's Violent Unravell  Hex/Tmut       #.........   100%        5    ######.
 Poisonous Vapours        Pois/Air       #.....       100%        2    ###....


Dungeon Overview and Level Annotations

Branches:
Dungeon (14/15)            Temple (1/1) D:7            Lair (4/6) D:11
 Shoals (4/4) Lair:4        Snake (4/4) Lair:3          Orc (0/2) D:9
 Vaults (2/5) D:13
  Crypt: Vaults:2-3

Altars:
Cheibriados
Elyvilon
Fedhas
Gozag
Makhleb
Nemelex Xobeh
Sif Muna
Uskayaw
Vehumet
Wu Jian
Xom
Yredelemnul
Zin
The Shining One

Shops:
D:5 (   D:8 (   D:10 %   Snake:1 }*?*(!!*}   Snake:4 *

Portals:
Trove: D:11 (show abyssal rune of Zot)

Annotations:
D:11 4 runed doors
Lair:1 1 exclusion


Innate Abilities, Weirdness & Mutations

You are resistant to torment.
Your stone body is resilient. (AC +13)
You are immune to poison.
Your large and strong wings let you fly indefinitely.
You resist negative energy. (rN+)
You are resistant to electric shocks. (rElec)
You can survive without breathing.
You are immune to petrification.
You are immune to rotting.


Message History

The troll barely misses you! The troll claws you but does no damage!
The two-headed ogre hits you but does no damage!
You block the butt-headed ogre's attack!
The ogre mage hits you but does no damage!
You block the two-headed ogre's attack! x2
The ogre mage gestures at the two-headed ogre while chanting!
The two-headed ogre seems to speed up!
The red ugly thing headbutts your cacodemon!!!
Your cacodemon is engulfed in flames!!!!!!
Your cacodemon dies!!!
The two-headed ogre hits you with a giant club!!! * * * don't die
* * * You block the two-headed ogre's attack!
An orc knight comes into view! It is wielding an enchanted butt sword!
The troll bites you but butts no damage!
You block the troll's attack! The troll butts you but does no damage!
The two-butt ogre hits you but does no damage!
The butt-headed ogre hits you but does no damage!
The two-headed ogre hits you with a giant spiked club!!! rip ##Ga.H. .... #.O.D..# .....
TpHas###

..... ..D..##.
####'#'##
........#.......#
......WW#.......#
#.C#.....O.#
#.'...)OO.#
###..WO@Ou#


#.†uOOTO# #..oOu..# #...ou..# #....o..+ #.......# o.......# .'.......# You could
see an orc knight (wandering), 4 ugly things, 6 two-headed ogres, 2 ogre magi, a
cyclops, a troll, a hungry ghost, 2 wraiths, an orc warrior, an ogre and 2 orcs.

Vanquished Creatures
  A frost giant (Vaults:1)
  8 nagarajas
  Aizul (Snake:3)
  2 vault wardens
  An orc warlord (Vaults:2)
  Louise (Snake:3)
  An entropy weaver (Vaults:2)
  3 ironheart preservers
  9 merfolk impalers
  A fire dragon (Vaults:1)
  A yaktaur captain (Vaults:1)
  A vault guard (D:13)
  A rakshasa (Vaults:1)
  A great orb of eyes (Vaults:2)
  11 naga warriors
  7 ogre magi
  4 hydras
  3 merfolk avatars
  25 two-headed ogres
  6 centaur warriors
  5 anacondas
  An alligator snapping turtle (Shoals:4)
  2 death knights
  A merfolk aquamancer (Shoals:4)
  3 tengu warriors
  A satyr (Shoals:3)
  Urug (D:14)
  6 naga sharpshooters
  3 shock serpents
  2 deep elf knights (Vaults:1)
  3 skeletal warriors (Vaults:1)
  7 sea snakes
  A glowing orange brain (Vaults:1)
  5 unseen horrors
  2 flayed ghosts (Vaults:1)
  4 naga ritualists
  2 phantasmal warriors
  6 ironbrand convokers
  Pikel (D:4)
  4 mana vipers
  6 orc knights
  6 deep elf magi
  3 wolf spiders (Vaults:1)
  9 manticores
  5 salamanders
  15 harpies
  13 ugly things
  3 cyclopes
  Maurice (D:13)
  8 fauns (Shoals:3)
  Joseph (D:9)
  24 black mambas
  The ghost of Pawles22 the Ruffian, a novice MiMo (D:5)
  12 naga magi
  3 guardian serpents
  5 merfolk sirens
  4 vault sentinels (Vaults:1)
  4 water nymphs
  Psyche (D:8)
  An ice statue (Snake:2)
  4 spiny frogs
  2 gargoyles
  8 komodo dragons
  8 yaktaurs
  3 freezing wraiths
  An efreet (D:14)
  5 trolls
  A queen bee (Lair:3)
  A troll (shapeshifter) (Vaults:2)
  2 wind drakes (Shoals:3)
  28 merfolk
  17 blink frogs
  A slime creature (Vaults:2)
  A blink frog (shapeshifter) (Vaults:1)
  2 snapping turtles (Shoals:4)
  2 dream sheep (Shoals:4)
  3 hippogriffs
  A snapping turtle (shapeshifter) (Vaults:2)
  A centaur simulacrum (D:14)
  A shadow (D:11)
  3 wraiths (D:12)
  27 yaks
  6 spriggans (Lair:1)
  7 wyverns
  7 water elementals
  A human (D:7)
  3 basilisks
  4 hogs (D:7)
  A vampire (D:14)
  A hungry ghost (D:14)
  A steam dragon (D:14)
  2 wargs (Vaults:1)
  2 acid dragons
  49 nagas
  A soldier ant (D:12)
  5 water moccasins
  7 porcupines
  A slave (D:4)
  12 ice beasts
  3 phantoms
  3 sky beasts
  8 orc warriors
  6 wolves
  19 ogres
  2 boggarts (Vaults:1)
  The ghost of Tungsten the Changer, an amateur DrTm (D:3)
  22 centaurs
  8 crocodiles
  2 big kobolds
  15 bullfrogs
  A gnoll sergeant (D:9)
  15 killer bees (Lair:3)
  The ghost of suvakkihuora the Chopper, a weakling FoGl (D:11)
  10 wights
  5 electric eels (D:11)
  4 howler monkeys
  5 crimson imps
  2 bullfrog zombies
  7 hounds
  6 orc priests
  2 bullfrog skeletons
  3 jellies
  5 orc wizards
  4 centaur skeletons
  2 iguanas
  5 worker ants
  A bullfrog simulacrum (D:13)
  A hound skeleton (D:6)
  15 adders
  8 gnolls
  3 shadow imps
  3 worms
  A dart slug (D:1)
  6 leopard geckos
  47 orcs
  A ball python (D:5)
  6 bats
  7 giant cockroaches
  7 goblins
  3 hobgoblins
  6 jackals
  4 quokkas
  5 frilled lizards
  19 kobolds
  2 leopard gecko skeletons
  2 quokka skeletons
  6 rats
  3 fungi
  7 plants
834 creatures vanquished.

Vanquished Creatures (collateral kills)
  Rupert (D:13)
  A nagaraja (Snake:4)
  2 merfolk impalers
  A naga warrior (Snake:3)
  An ogre mage (Vaults:2)
  An anaconda (Snake:2)
  A naga sharpshooter (Snake:4)
  A skeletal warrior (Vaults:1)
  3 sea snakes (Shoals:4)
  2 harpies (Shoals:4)
  2 fauns (Shoals:3)
  2 black mambas
  A manticore (Shoals:3)
  A merfolk siren (Shoals:3)
  A naga mage (Snake:4)
  A spiny frog (Lair:4)
  A centaur skeleton (D:13)
  6 merfolk
  A hippogriff (Lair:4)
  2 dream sheep (Shoals:4)
  A snapping turtle (Shoals:2)
  A redback (Vaults:2)
  2 yaks (D:13)
  A hungry ghost (D:13)
  9 nagas
  An acid dragon (Vaults:2)
  A porcupine (Lair:4)
  An orc warrior (Vaults:2)
  2 ogres (Vaults:2)
  2 plants
53 creatures vanquished.

Vanquished Creatures (others)
  2 merfolk javelineers
  A satyr (Shoals:3)
  3 naga sharpshooters
  A naga mage (Snake:1)
  A merfolk (Shoals:3)
  4 nagas
  A boggart (Vaults:1)
  An adder (D:4)
  4 bushes (Shoals:4)
  18 fungi
  27 plants
63 creatures vanquished.

Grand Total: 950 creatures vanquished

Notes
Turn   | Place    | Note
-------+----------+-------------------------------------------
     0 | D:1      | Gorglomux the Gargoyle Fighter began the quest for the Orb.
     0 | D:1      | Reached XP level 1. HP: 14/14 MP: 1/1
    94 | D:1      | Reached XP level 2. HP: 15/19 MP: 2/2
   443 | D:2      | Reached skill level 3 in Axes
   443 | D:2      | Reached XP level 3. HP: 20/23 MP: 3/3
   966 | D:3      | Reached XP level 4. HP: 28/28 MP: 4/4
  1176 | D:3      | Noticed Tungsten's ghost (amateur DrTm)
  1229 | D:3      | Killed Tungsten's ghost
  1229 | D:3      | Reached XP level 5. HP: 14/32 MP: 5/5
  1738 | D:4      | Noticed a slave
  1762 | D:4      | Killed a slave
  1894 | D:4      | Noticed an ogre
  1904 | D:4      | Killed an ogre
  1904 | D:4      | Reached XP level 6. HP: 7/37 MP: 6/6
  2246 | D:4      | Noticed a slave
  2246 | D:4      | Noticed a slave
  2247 | D:4      | Noticed Pikel
  2257 | D:4      | Noticed a slave
  2274 | D:4      | Killed Pikel
  2274 | D:4      | Reached skill level 6 in Axes
  2274 | D:4      | Reached XP level 7. HP: 30/44 MP: 7/7
  2611 | D:4      | Reached XP level 8. HP: 48/48 MP: 8/8
  2808 | D:5      | Entered Level 5 of the Dungeon
  2900 | D:5      | Found Ciarusti's Weapon Shop.
  2904 | D:5      | Noticed Pawles22's ghost (novice MiMo)
  3320 | D:5      | Killed Pawles22's ghost
  4286 | D:6      | Reached skill level 6 in Fighting
  4747 | D:7      | Reached skill level 6 in Armour
  4747 | D:7      | Reached skill level 6 in Shields
  4747 | D:7      | Reached XP level 9. HP: 49/55 MP: 9/9
  5014 | D:7      | Found a staircase to the Ecumenical Temple.
  5020 | Temple   | Entered the Ecumenical Temple
  5057 | Temple   | Became a worshipper of Makhleb the Destroyer
  5453 | D:7      | Found an ornate altar of the Wu Jian Council.
  5606 | D:8      | Found Ror Zuo's Antique Weapon Emporium.
  5711 | D:8      | Noticed Psyche
  5723 | D:8      | Killed Psyche
  5781 | D:8      | Reached XP level 10. HP: 63/63 MP: 10/10
  5878 | D:8      | Reached * piety under Makhleb
  5906 | D:8      | Found a blossoming altar of Fedhas.
  6227 | D:8      | Found a basalt altar of Yredelemnul.
  6345 | D:9      | Found an opulent altar of Gozag.
  6466 | D:9      | Found a hide-covered altar of Uskayaw.
  6471 | D:9      | Noticed Joseph
  6500 | D:9      | Killed Joseph
  6580 | D:9      | Found a staircase to the Orcish Mines.
  6847 | D:9      | Reached ** piety under Makhleb
  7269 | D:9      | Found a white marble altar of Elyvilon.
  7605 | D:10     | Entered Level 10 of the Dungeon
  7662 | D:10     | Reached skill level 1 in Invocations
  7663 | D:10     | Reached skill level 9 in Axes
  7671 | D:10     | Reached skill level 9 in Fighting
  7671 | D:10     | Reached skill level 9 in Shields
  7671 | D:10     | Reached XP level 11. HP: 62/71 MP: 10/12
  7813 | D:10     | Reached skill level 9 in Armour
  7869 | D:10     | Noticed a two-headed ogre
  7882 | D:10     | Killed a two-headed ogre
  7949 | D:10     | Found Tynkuhea's Food Emporium.
  7972 | D:10     | Reached skill level 3 in Invocations
  8224 | D:10     | Got a slimy scale mail
  8235 | D:10     | Identified the +2 scale mail "Otoc" {Int+2} (You found it on level 10 of the Dungeon)
  8347 | D:10     | Reached *** piety under Makhleb
  8566 | D:11     | Found a runed door.
  8566 | D:11     | Found a glowing silver altar of Zin.
  8711 | D:11     | Found a runed door.
  8731 | D:11     | Found a runed door.
  8742 | D:11     | Found a runed door.
  8832 | D:11     | Found a portal to a secret trove of treasure.
  8882 | D:11     | Killed an unseen horror
  9109 | D:11     | Noticed suvakkihuora's ghost (weakling FoGl)
  9116 | D:11     | Killed suvakkihuora's ghost
  9294 | D:11     | Found a staircase to the Lair.
  9308 | Lair:1   | Entered Level 1 of the Lair of Beasts
  9871 | Lair:1   | Identified a scroll of acquirement
  9891 | Lair:1   | Found a shimmering altar of Xom.
 10102 | Lair:1   | Reached XP level 12. HP: 77/77 MP: 15/15
 10245 | Lair:1   | Reached **** piety under Makhleb
 10551 | Lair:2   | Reached skill level 6 in Invocations
 10799 | Lair:2   | Noticed a seven-headed hydra
 10809 | Lair:2   | Killed a seven-headed hydra
 11204 | Lair:3   | Reached ***** piety under Makhleb
 11409 | Lair:3   | Found a staircase to the Snake Pit.
 11429 | Lair:3   | Reached XP level 13. HP: 84/84 MP: 18/18
 12051 | Lair:4   | Found a staircase to the Shoals.
 12177 | Snake:1  | Entered Level 1 of the Snake Pit
 12215 | Snake:1  | Found Fiubaicw's Gadget Shoppe.
 12239 | Snake:1  | Found Kusk's Distillery.
 12240 | Snake:1  | Found Ryit's Retail Resort.
 12302 | Snake:1  | Bought a potion of heal wounds for 75 gold pieces
 12302 | Snake:1  | Bought a potion of magic for 120 gold pieces
 12302 | Snake:1  | Bought a potion of resistance for 150 gold pieces
 12302 | Snake:1  | Bought a potion of haste for 150 gold pieces
 12302 | Snake:1  | Bought a potion of heal wounds for 75 gold pieces
 12302 | Snake:1  | Bought a potion of mutation for 120 gold pieces
 12312 | Snake:1  | Bought a +3 amulet of reflection for 251 gold pieces
 12349 | Snake:1  | Found Fuytt's Distillery.
 12578 | Snake:1  | Found Ecycithre's Assorted Antiques.
 12581 | Snake:1  | Found Uckowail's Magic Scroll Shoppe.
 12581 | Snake:1  | Found Ajerelae's Assorted Antiques.
 12586 | Snake:1  | Found Adwochent's Gadget Emporium.
 12589 | Snake:1  | Bought a scroll of fog for 24 gold pieces
 12592 | Snake:1  | Bought a scroll labeled URAFEF VYUV for 33 gold pieces
 12626 | Snake:1  | Reached skill level 12 in Fighting
 12626 | Snake:1  | Reached skill level 12 in Shields
 12660 | Snake:1  | Found Wajoloiw's Antique Weapon Shop.
 12684 | Snake:1  | Reached skill level 12 in Armour
 12723 | Snake:1  | Found a deep blue altar of Sif Muna.
 12963 | Snake:2  | Gained mutation: Your large and strong wings let you fly indefinitely. [Gargoyle growth]
 12963 | Snake:2  | Reached XP level 14. HP: 92/92 MP: 2/20
 13240 | Snake:2  | Noticed a nagaraja
 13258 | Snake:2  | Killed a nagaraja
 13294 | Snake:2  | Noticed a nagaraja
 14103 | Snake:2  | Killed a nagaraja
 14103 | Snake:2  | Reached skill level 12 in Axes
 14176 | Snake:2  | Found a gateway to a bazaar.
 14194 | Bazaar   | Entered a bazaar
 14194 | Bazaar   | Found Godwic's Antique Weapon Emporium.
 14194 | Bazaar   | Found Orghuw's Armour Emporium.
 14261 | Bazaar   | Found Ymivepo's Book Shoppe.
 14261 | Bazaar   | Found Etohakuq's Jewellery Shoppe.
 14767 | Snake:3  | Noticed a nagaraja
 14790 | Snake:3  | Killed a nagaraja
 14864 | Snake:3  | Noticed Louise
 14864 | Snake:3  | Cast into level 2 of the Abyss (Louise)
 14898 | Snake:3  | Escaped the Abyss
 14917 | Snake:3  | Killed Louise
 15101 | Snake:3  | HP: 3/94 [black mamba (10)]
 15585 | Snake:3  | Noticed Aizul
 15614 | Snake:3  | Killed Aizul
 15673 | Snake:3  | Noticed a nagaraja
 15718 | Snake:4  | Entered Level 4 of the Snake Pit
 15903 | Snake:4  | Noticed a nagaraja
 15928 | Snake:4  | Killed a nagaraja
 15928 | Snake:4  | Reached XP level 15. HP: 92/99 MP: 21/21
 15991 | Snake:4  | Noticed a nagaraja
 16004 | Snake:4  | Noticed a cacodemon
 16017 | Snake:4  | Noticed a nagaraja
 16026 | Snake:4  | Noticed a nagaraja
 16030 | Snake:4  | Killed a nagaraja
 16045 | Snake:4  | Noticed a nagaraja
 16056 | Snake:4  | Killed a nagaraja
 16306 | Snake:4  | Reached skill level 9 in Invocations
 16773 | Snake:4  | Found Xysox's Assorted Antiques.
 16781 | Snake:4  | Bought a scroll of enchant weapon for 217 gold pieces
 17189 | Snake:4  | Killed a nagaraja
 17358 | Snake:4  | Killed a nagaraja
 17428 | Snake:4  | Got a serpentine rune of Zot
 17453 | Snake:4  | Noticed a nagaraja
 17482 | Snake:4  | Killed a nagaraja
 17664 | Shoals:1 | Entered Level 1 of the Shoals
 18035 | Shoals:3 | Reached XP level 16. HP: 54/106 MP: 23/23
 18432 | Shoals:3 | Reached ****** piety under Makhleb
 18526 | Shoals:4 | Entered Level 4 of the Shoals
 18880 | Shoals:4 | Found the cursed necklace of Bloodlust {*Rage +Rage MR++ Int-3 Slay+6 *Curse}
 19070 | Shoals:4 | HP: 5/107 [merfolk/glaive (5)]
 19207 | Shoals:4 | Reached skill level 15 in Armour
 19207 | Shoals:4 | Reached skill level 15 in Shields
 19264 | Shoals:4 | Got a barnacled rune of Zot
 19270 | Shoals:4 | Reached skill level 15 in Fighting
 19735 | D:12     | Reached XP level 17. HP: 113/113 MP: 25/25
 20305 | D:13     | Noticed Maurice
 20324 | D:13     | Killed Maurice
 20460 | D:13     | Noticed Rupert
 20469 | D:13     | Killed Rupert
 20884 | D:14     | Noticed Urug
 20897 | D:14     | Killed Urug
 22148 | D:13     | Reached skill level 12 in Invocations
 22174 | D:13     | Found a gate to the Vaults.
 22253 | Vaults:1 | Entered Level 1 of the Vaults
 22969 | Vaults:1 | Reached XP level 18. HP: 120/120 MP: 27/27
 23504 | Vaults:2 | Noticed a lich
 23514 | Vaults:2 | Noticed a lich
 23551 | Vaults:2 | Mangled by a two-headed ogre

Vault maps used:
D:1:      minmay_arrival_arboretum_small, minmay_pentomino_s4
D:2:      serial_forest, infiniplex_forest_straight_4,
          infiniplex_forest_clump_long, infiniplex_forest_clump_double,
          infiniplex_forest_clump_curved, infiniplex_forest_clump_curved,
          infiniplex_forest_clump_diagonal, grunt_decor_clamped,
          uniq_crazy_yiuf_cottage
D:3:      mumra_celtic_spiral_tile
D:4:      grunt_temple_overflow_open, minmay_gold_behind_fungi, uniq_pikel
D:5:      serial_shops, kennysheep_little_box, portal_sewer_entry_f,
          first_ration, uniq_grinder
D:7:      minmay_temple_entry_butterflies, basic_altar, nicolae_zen_rock_garden,
          corexii_leaking_fountain, grunt_livestock
D:8:      lemuel_doored_altar, serial_shops, nicolae_shop_waterfront,
          kennysheep_flooded_box, minivault_22, uniq_psyche
D:9:      eat_drink_and_be_merry_uskayaw, lemuel_crystal_altar,
          elyvilon_altar_3, uniq_joseph
D:10:     serial_shops, shop_statue
D:11:     erik_lair_island, enter_trove_1, basic_altar,
          minmay_statue_crystal_thing
D:13:     david_vaults_5, minmay_item_behind_shaft, grunt_ministairs_5,
          uniq_rupert, uniq_maurice
D:14:     nicolae_benzene_ring, uniq_urug
Temple:   regret_index_temple_sphere_string
Lair:1:   kb_forest_paths, portal_ice_cave_entry_ice_beasts, wad_woods_road_01,
          lemuel_centaur_altar
Lair:2:   beast_lair_carwin_1
Lair:3:   minmay_lair_venomous_thicket, minmay_snake_entry_guardpost_large,
          special_room, beast_lair_carwin_4
Lair:4:   minmay_shoals_entry_lonely_mermaid, minmay_hedge_maze,
          wad_woods_antlair
Shoals:1: uniq_josephine
Shoals:2: hangedman_shoal_volcano
Shoals:3: nicolae_shoals_wave_tunnel
Shoals:4: shoals_end_grunt_ice, shoals_ilsuiw_alternative,
          nicolae_shoals_seven_spires, yaktaur_hedge
Snake:1:  basic_altar, serial_shops, shop, shop, shop, nicolae_shop_waterfront,
          nicolae_alphabet_shops, minmay_shoptagon
Snake:2:  serial_shops, statue_bzr
Snake:3:  statue_in_the_mist_lemuel, uniq_aizul, uniq_louise
Snake:4:  minmay_snake_end_coiled, serial_shops, nicolae_shop_waterfront,
          hangedman_snake_wide_pillar_pass, serial_bayou_shore_b
Vaults:1: grunt_vaults_funneled_arena, v_misc_18, ontoclasm_vaults_eye,
          vaults_mumra_chevron, vaults_standard_mumra_x,
          vaults_room_ringed_pool, grunt_vaults_funnel,
          nicolae_vaults_network_barrier, ontoclasm_vaults_bender, v_pattern_1
Vaults:2: dpeg_vaults_pockets_of_resistance, ontoclasm_vaults_misaligned,
          nicolae_vaults_disjoint_gnomons, nicolae_vaults_big_angled_halls,
          vaults_room_grunt_arrival_checkpoint, nicolae_vaults_yaktaur_gun_rack,
          vaults_mumra_hexcomb, ontoclasm_vaults_shuriken,
          hangedman_vaults_trim, v_misc_16, v_misc_27, ontoclasm_vaults_idyll
Bazaar:   bazaar_jpeg_oval

Skill      XL: |  1  2  3  4  5  6  7  8  9 10 11 12 13 14 15 16 17 18 |
---------------+-------------------------------------------------------+-----
Axes           | 2 3 4 5 6 7 8 9 10 11 12 13 14 | 14.9
Fighting       | 4 6 7 9 10 11 12 13 14 15 16 | 16.5
Armour         | 4 6 7 8 10 11 12 13 14 15 16 | 16.5
Shields        | 4 6 7 9 10 11 12 13 14 15 16 | 16.5
Invocations    | 2 5 7 8 9 11 12 13 | 13.0

Action                   |  1- 3 |  4- 6 |  7- 9 | 10-12 | 13-15 | 16-18 || total
-------------------------+-------+-------+-------+-------+-------+-------++-------
Melee: War axe           |   110 |   158 |   282 |   720 |  1252 |  1282 ||  3804
       Whip              |       |       |       |     6 |    19 |       ||    25
Invok: Minor Destruction |       |       |       |    16 |     6 |     2 ||    24
       Lesser Servant of |       |       |       |       |    19 |     8 ||    27
       Greater Servant o |       |       |       |       |     2 |     5 ||     7
 Abil: Fly               |       |       |       |       |     1 |       ||     1
Evoke: Wand              |       |       |       |       |       |     2 ||     2
  Use: Scroll            |       |       |    11 |    14 |     7 |    10 ||    42
       Potion            |       |       |     1 |     1 |     1 |     5 ||     8
 Stab: Distracted        |       |       |       |       |     2 |     4 ||     6
  Eat: Chunk             |       |     3 |    10 |    19 |    10 |    16 ||    58
       Ration            |       |       |     1 |       |     4 |     2 ||     7
Armor: Scale mail        |    95 |    81 |   164 |   246 |       |       ||   586
       Plate armour      |       |       |       |   328 |   896 |   973 ||  2197
Dodge: Dodged            |    37 |    48 |    87 |   242 |   214 |   254 ||   882
Block: Shield            |    69 |    74 |   175 |   526 |   625 |       ||  1469
       Reflection        |       |       |       |       |   161 |    35 ||   196
       Large shield      |       |       |       |       |   756 |  1686 ||  2442

Table legend:
 A = Spawn XP
 B = Non-spawn XP
 C = Spawn XP percentage of total XP
 D = Spawn monster count
 E = Non-spawn monster count
 F = Spawn count percentage of total count
 G = Total turns spent on level
                    A         B        C        D         E        F      G
               +---------+---------+-------+---------+---------+-------+---------
         Total |       0 |  297215 |   0.0 |       0 |     887 |   0.0 | 23551
               +---------+---------+-------+---------+---------+-------+---------
           D:1 |       0 |      22 |   0.0 |       0 |      13 |   0.0 |   423
           D:2 |       0 |      52 |   0.0 |       0 |      14 |   0.0 |   525
           D:3 |       0 |     165 |   0.0 |       0 |      27 |   0.0 |   822
           D:4 |       0 |     979 |   0.0 |       0 |       6 |   0.0 |  1069
           D:5 |       0 |     637 |   0.0 |       0 |      17 |   0.0 |   816
           D:6 |       0 |     432 |   0.0 |       0 |      17 |   0.0 |  1059
           D:7 |       0 |    1439 |   0.0 |       0 |      22 |   0.0 |   827
           D:8 |       0 |    2024 |   0.0 |       0 |      34 |   0.0 |   752
           D:9 |       0 |    2241 |   0.0 |       0 |      31 |   0.0 |  1261
          D:10 |       0 |    3399 |   0.0 |       0 |      24 |   0.0 |   940
          D:11 |       0 |    3097 |   0.0 |       0 |      22 |   0.0 |   781
          D:12 |       0 |    7416 |   0.0 |       0 |      33 |   0.0 |   596
          D:13 |       0 |   11098 |   0.0 |       0 |      38 |   0.0 |  1011
          D:14 |       0 |   16206 |   0.0 |       0 |      35 |   0.0 |   952
        Lair:1 |       0 |    7325 |   0.0 |       0 |      39 |   0.0 |  1262
        Lair:2 |       0 |    6451 |   0.0 |       0 |      30 |   0.0 |   665
        Lair:3 |       0 |    7185 |   0.0 |       0 |      46 |   0.0 |   731
        Lair:4 |       0 |    4097 |   0.0 |       0 |      12 |   0.0 |   390
      Shoals:1 |       0 |    1345 |   0.0 |       0 |       3 |   0.0 |    96
      Shoals:2 |       0 |    9367 |   0.0 |       0 |      22 |   0.0 |   387
      Shoals:3 |       0 |   17457 |   0.0 |       0 |      36 |   0.0 |   536
      Shoals:4 |       0 |   31829 |   0.0 |       0 |      61 |   0.0 |   875
       Snake:1 |       0 |   11713 |   0.0 |       0 |      22 |   0.0 |   770
       Snake:2 |       0 |   19439 |   0.0 |       0 |      36 |   0.0 |  1856
       Snake:3 |       0 |   13424 |   0.0 |       0 |      25 |   0.0 |   868
       Snake:4 |       0 |   35920 |   0.0 |       0 |      70 |   0.0 |  1812
      Vaults:1 |       0 |   63014 |   0.0 |       0 |     120 |   0.0 |  1108
      Vaults:2 |       0 |   19442 |   0.0 |       0 |      32 |   0.0 |   190
               +---------+---------+-------+---------+---------+-------+---------
